 Dungeon Crawl Stone Soup version 0.15-a0-1950-gbc841a2 (webtiles) character file.

60 N00bl0rd the Ducker (level 4, 0/25 HPs)
             Began as a Kobold Arcane Marksman on July 9, 2014.
             Succumbed to an adder's poison
             ... on Level 2 of the Dungeon.
             The game lasted 00:05:19 (1910 turns).

N00bl0rd the Ducker (Kobold Arcane Marksman)        Turns: 1910, Time: 00:05:19

HP   0/25        AC  2     Str  9      XL: 4   Next: 24%
MP   2/6         EV 16     Int 11      God:
Gold 123         SH  0     Dex 16      Spells:  2 memorised,  2 levels left

rFire  . . .     SeeInvis .     b - +0 crossbow
rCold  . . .     Clarity  .     a - +0 robe
rNeg   . . .     rCorr    .     (no shield)
rPois  .         rRot     .     (no helmet)
rElec  .         Spirit   .     (no cloak)
SustAb .         Warding  .     (no gloves)
rMut   .         Stasis   .     (no boots)
Gourm  .                        (no amulet)
MR     .....                    (no ring)
                                (no ring)

@: lethally poisoned, very slightly contaminated, hasted, invisible, very quick,
not resistant to hostile enchantments, very unstealthy
A: carnivore 3
a: no special abilities


You were on level 2 of the Dungeon.
You were very full.

You visited 1 branch of the dungeon, and saw 2 of its levels.

You collected 123 gold pieces.

Inventory:

Hand weapons
 b - a +0 crossbow (weapon)
 h - a +0 dagger of holy wrath
Missiles
 c - 5 bolts (quivered)
Armour
 a - a +0 robe (worn)
Comestibles
 f - a meat ration
 l - 3 beef jerkies
 n - a rotting chunk of adder flesh
Scrolls
 e - a scroll of noise {unknown}
 g - 2 scrolls of identify {unknown}
Potions
 m - a potion of confusion {unknown}
Books
 d - a book of Debilitation

   Spells                             Type                      Level
   *Corona                            Hexes                        1
   *Slow                              Hexes                        2
   Inner Flame                        Hexes/Fire                   3
   Enslavement                        Hexes                        4
   Cause Fear                         Hexes                        4
   Leda's Liquefaction                Hexes/Earth                  4
 k - a book of the Tempests

   Spells                             Type                      Level
   Static Discharge                   Conjuration/Air              3
   Lightning Bolt                     Conjuration/Air              5
   Fireball                           Conjuration/Fire             5
   Tornado                            Air                          9
   Shatter                            Earth                        9


   Skills:
 - Level 1.1 Fighting
 * Level 2.9 Crossbows
 * Level 3.7 Dodging
 + Level 1.3 Spellcasting
 * Level 3.7 Hexes


You had 2 spell levels left.
You knew the following spells:

 Your Spells              Type           Power        Failure   Level  Hunger
a - Corona                Hex            #......      10%         1    ##.....
b - Slow                  Hex            #.......     12%         2    ###....


Dungeon Overview and Level Annotations

Branches:
Dungeon (2/15)

Altars:


Innate Abilities, Weirdness & Mutations

You are small and have problems with some larger weapons.
You are carnivorous and can eat meat at any time.


Message History

The adder bites you. x2
* * * LOW HITPOINT WARNING * * *
You are more poisoned.
The adder poisons you!
Firing (i - inventory):
c - 6 bolts (quivered)
Press: ? - help, Shift-Dir - straight line, f/p - adder
Aim: an adder (softly glowing)
You shoot a bolt. The bolt completely misses the adder.
* * * LOW HITPOINT WARNING * * *
You feel sick. The adder bites you.
* * * LOW HITPOINT WARNING * * *
Drink which item? (? for menu, Esc to quit)
You fade into invisibility!
It was a potion of invisibility.
* * * LOW HITPOINT WARNING * * *
You feel sick.
The adder stops glowing.
The adder barely misses you. The adder misses you.
Drink which item? (? for menu, Esc to quit)
You feel yourself speed up.
It was a potion of haste.
You die...

#.#
#.........#######..#
#.# #
#.####.##...#### #..#
#.# # #...%..###.##
#.(# #.# # ######.#
#.# #..#####.### #.#
#.# #..)..>...(. #.#
#.. #.########## #.#
# #.# # #.####
#.#######.# # #....#
#..@S....(# # ####.#
#########.# # #.# #.#
# #.# #.# #
#########.##### #.#
......).......# #.#
#########.###.#
#.########## #.# #.#
#..........# #.#
#.#################.#


You could see an adder.

Vanquished Creatures
  2 adders (D:2)
  A giant mite (D:2)
  A worm (D:2)
  3 giant geckos
  An ooze (D:1)
  4 bats
  3 hobgoblins (D:1)
  A giant newt (D:2)
  4 goblins
  4 kobolds
  3 rats
  A plant (D:1)
28 creatures vanquished.

Notes
Turn   | Place    | Note
--------------------------------------------------------------
     0 | D:1      | N00bl0rd, the Kobold Arcane Marksman, began the quest for the Orb.
     0 | D:1      | Reached XP level 1. HP: 12/12 MP: 2/2
   139 | D:1      | Reached XP level 2. HP: 16/16 MP: 1/3
   266 | D:1      | Learned a level 2 spell: Slow
  1168 | D:2      | Reached XP level 3. HP: 20/20 MP: 0/4
  1629 | D:2      | Reached XP level 4. HP: 8/25 MP: 0/6
  1909 | D:2      | HP: 1/25 [poisoned by an adder]
  1910 | D:2      | Succumbed to an adder's poison

Action                   |  1- 3 |  4- 6 || total
-------------------------+-------+-------++-------
Melee: Dagger            |   172 |       ||   172
 Fire: Crossbow          |    59 |    12 ||    71
 Cast: Corona            |    11 |     3 ||    14
       Slow              |     8 |     2 ||    10
  Use: Potion            |       |     2 ||     2
  Eat: Chunk             |    12 |       ||    12
